 Dungeon Crawl Stone Soup version 0.26.1-11-gd32895ea62 (webtiles) character file.

Game seed: 8768292514085292701

11463 RepoMan the Frost Mage (level 11, -5/92 HPs)
             Began as a Ghoul Ice Elementalist on June 17, 2021.
             Was an Elder of Makhleb.
             Slain by a slime creature (17 damage)
             ... on level 11 of the Dungeon.
             The game lasted 01:35:36 (12263 turns).

RepoMan the Frost Mage (Ghoul Ice Elementalist)    Turns: 12263, Time: 01:35:37

Health: -5/92      AC:  6    Str: 13    XL:     11   Next: 78%
Magic:  1/21       EV: 12    Int: 19    God:    Makhleb [****..]
Gold:   729        SH:  9    Dex:  9    Spells: 8/25 levels left

rFire    . . .     SeeInvis .   G - +0 war axe (freeze)
rCold    + . .     Faith    .   D - +0 buckler
rNeg     + + +     Spirit   .   o - +0 steam dragon scales
rPois    ∞         Reflect  +   (no helmet)
rElec    .         Harm     .   F - +0 cloak
rCorr    .         Rampage  .   (no gloves)
Will     .....                  (no boots)
Stlth    ++........             k - amulet of reflection
HPRegen  0.00/turn              a - +6 ring of intelligence
MPRegen  0.17/turn              t - ring of wizardry

@: frozen ramparts
A: claws 1, cold resistance 1, negative energy resistance 3, inhibited
regeneration, torment resistance, unbreathing
a: Renounce Religion, Minor Destruction, Lesser Servant of Makhleb, Major
Destruction


You were on level 11 of the Dungeon.
You worshipped Makhleb.
Makhleb was greatly pleased with you.
You visited 2 branches of the dungeon, and saw 15 of its levels.
You also visited: Ossuary.

You collected 729 gold pieces.

Inventory:

Hand Weapons
 n - a +0 scimitar of draining
 G - a +0 war axe of freezing (weapon)
Missiles
 d - 6 curare-tipped darts (quivered)
 B - a throwing net
 K - 8 atropa-tipped darts
Armour
 o - +0 steam dragon scales (worn)
 D - a +0 buckler (worn)
 F - a +0 cloak (worn)
Magical Staves
 v - an uncursed staff of death
Jewellery
 a - a +6 ring of intelligence (left claw)
 g - an uncursed ring of willpower
 k - an amulet of reflection (around neck)
 t - a ring of wizardry (right claw)
 J - an uncursed ring of poison resistance {unknown}
Wands
 e - a wand of paralysis (7)
 y - a wand of iceblast (10)
 H - a wand of polymorph (15)
Scrolls
 h - 3 scrolls of blinking
 i - 10 scrolls of identify
 j - 3 scrolls of immolation {unknown}
 m - 2 scrolls of noise {unknown}
 q - 3 scrolls of amnesia {unknown}
 r - 4 scrolls of remove curse
 s - 3 scrolls of magic mapping {unknown}
 u - a scroll of fog {unknown}
 w - 6 scrolls of teleportation {unknown}
 x - 2 scrolls of enchant armour
 C - 2 scrolls of enchant weapon
 I - a scroll of silence {unknown}
 L - a scroll of vulnerability {unknown}
Potions
 b - 2 potions of haste
 c - 4 potions of brilliance
 f - a potion of curing
 l - a potion of magic
 p - 5 potions of attraction {unknown}
 z - a potion of heal wounds
 A - a potion of resistance {unknown}
 E - 3 potions of flight


   Skills:
 - Level 7.0 Fighting
 - Level 3.0 Armour
 - Level 1.7 Dodging
 - Level 2.1 Stealth
 - Level 4.0 Shields
 + Level 7.6 Spellcasting
 - Level 2.0 Conjurations
 * Level 13.9 Ice Magic
 + Level 4.2 Invocations


You had 8 spell levels left.
You knew the following spells:

 Your Spells              Type           Power        Failure   Level
a - Freeze                Ice            100%         1%          1
c - Ozocubu's Armour      Ice            57%          1%          3
h - Hailstorm             Conj/Ice       37%          1%          4
p - Searing Ray           Conj           30%          2%          2
r - Frozen Ramparts       Ice            100%         1%          3
s - Summon Ice Beast      Ice/Summ       33%          2%          4

Your spell library contained the following spells:

 Spells                   Type           Power        Failure   Level
 Magic Dart               Conj           60%          1%          1
 Shock                    Conj/Air       44%          2%          1
 Swiftness                Air            7%           6%          2
 Dazzling Flash           Conj/Hex       22%          8%          3
 Static Discharge         Conj/Air       11%          8%          3
 Fulminant Prism          Conj/Hex       5%           24%         4
 Iskenderun's Mystic Bla  Conj/Tloc      11%          24%         4
 Airstrike                Air            3%           34%         4
 Lightning Bolt           Conj/Air       5%           52%         5


Dungeon Overview and Level Annotations

Branches:
Dungeon (14/15)            Temple (1/1) D:6            Lair (0/6) D:10
    Orc (0/2) D:9         Ossuary (visited)
 Vaults: D:13-14

Altars:
Ashenzari
Cheibriados
Dithmenos
Elyvilon
Fedhas
Gozag
Hepliaklqana
Kikubaaqudgha
Makhleb
Nemelex Xobeh
Okawaru
Qazlal
Ru
Sif Muna
Trog
Uskayaw
Vehumet
Wu Jian
Xom
Yredelemnul
Zin
The Shining One

Shops:
D:4 =:**

Annotations:
D:13 exclusion: oklob plant


Innate Abilities, Weirdness & Mutations

You thrive by killing the living.
You are immune to poison.
You have sharp fingernails.
Your flesh is cold resistant. (rC+)
You are immune to negative energy. (rN+++)
You do not regenerate when monsters are visible.
You are immune to unholy pain and torment.
You can survive without breathing.


Message History

Unknown command.
Casting: Frozen Ramparts (safe; 1% risk of failure)
Confirm with . or Enter, or press ? or * to list all spells.
You don't have enough magic to cast that spell.
Okay, then.
Okay, then.
The wall freezes the slime creature.
You block the slime creature's attack.
The wall freezes the jelly.
The wall freezes the slime creature.
The slime creature hits you!
* * * LOW HITPOINT WARNING * * *
The wall freezes the jelly!
Casting: Frozen Ramparts (safe; 1% risk of failure)
Confirm with . or Enter, or press ? or * to list all spells.
Aiming: Freeze (safe; 1% risk of failure)
Press: ? - help, Shift-Dir - straight line, f - slime creature
Aim: a slime creature (severely wounded)
You freeze the slime creature.
The slime creature is severely wounded.
The wall freezes the slime creature!
The slime creature hits you!
You die...

........# #.#
#.# #######.###
..........#
#######.#.###
...#...#
#######.#######
#......@JJ#
###...###'##
###.# #..# ..#
##...# ####
?[#.# ..##.#
.#. # ####


You could see a slime creature and a jelly.

Vanquished Creatures
  A hydra (D:9)
  A centaur warrior (D:13)
  A two-headed ogre (D:10)
  An unseen horror (D:11)
  Psyche (D:9)
  Maggie (D:7)
  A hornet (D:8)
  3 trolls
  3 slime creatures (D:11)
  A wyvern (D:10)
  3 yaks (D:9)
  A wraith (Ossuary)
  Eustachio (D:5)
  3 wargs (D:10)
  Menkaure (D:4)
  2 water moccasins (D:7)
  2 orc warriors
  3 ice beasts
  3 black bears
  A sky beast (D:3)
  An eye of draining (D:11)
  7 ogres
  3 phantoms
  4 centaurs
  A big kobold (D:14)
  4 bullfrogs
  2 scorpions
  4 killer bees (D:7)
  6 wights (D:10)
  6 howler monkeys
  A centaur zombie (D:8)
  A quasit (D:10)
  8 jellies
  4 orc priests
  2 bullfrog skeletons
  5 hounds
  7 orc wizards
  A centaur skeleton (D:4)
  5 iguanas
  Jessica (D:2)
  Natasha (D:3)
  Terence (D:2)
  11 worker ants
  A killer bee zombie (D:6)
  A mummy (Ossuary)
  A worker ant zombie (D:8)
  7 gnolls
  15 adders
  2 shadow imps
  A white imp (D:9)
  3 ufetubi
  7 oozes
  An adder zombie (D:8)
  A worm (D:4)
  2 adder skeletons
  9 leopard geckos
  26 orcs
  7 giant cockroaches
  9 goblins
  12 hobgoblins
  16 jackals
  13 kobolds
  4 quokkas
  2 ball pythons
  13 bats
  5 frilled lizards
  9 gnoll skeletons (Ossuary)
  A goblin zombie (D:7)
  A jackal zombie (D:7)
  7 kobold skeletons (Ossuary)
  9 orc skeletons (Ossuary)
  7 rats
  A rat zombie (D:7)
313 creatures vanquished.

Vanquished Creatures (collateral kills)
  An ugly thing (D:10)
  A gnoll (D:4)
  An adder (D:7)
  2 orcs (D:7)
  A quokka (D:7)
6 creatures vanquished.

Vanquished Creatures (others)
  A big kobold (D:9)
  2 gnolls
  A plant (D:1)
4 creatures vanquished.

Grand Total: 323 creatures vanquished

Notes
Turn   | Place    | Note
-------+----------+-------------------------------------------
     0 | D:1      | RepoMan the Ghoul Ice Elementalist began the quest for the
                  | Orb.
     0 | D:1      | Reached XP level 1. HP: 14/14 MP: 2/2
   131 | D:1      | Reached XP level 2. HP: 20/20 MP: 3/3
   216 | D:1      | Reached skill level 5 in Ice Magic
   478 | D:1      | Reached XP level 3. HP: 15/26 MP: 0/5
  1180 | D:1      | Learned a level 3 spell: Frozen Ramparts
  1572 | D:2      | Reached XP level 4. HP: 32/33 MP: 1/6
  1631 | D:2      | Reached skill level 6 in Ice Magic
  1635 | D:2      | Learned a level 3 spell: Ozocubu's Armour
  1984 | D:2      | Noticed Terence
  1994 | D:2      | Killed Terence
  1995 | D:2      | Reached XP level 5. HP: 36/39 MP: 1/7
  2092 | D:2      | Reached skill level 1 in Fighting
  2198 | D:2      | Noticed Jessica
  2220 | D:2      | Killed Jessica
  2838 | D:3      | Reached XP level 6. HP: 47/47 MP: 5/9
  3082 | D:3      | Noticed Natasha
  3099 | D:3      | Killed Natasha
  3378 | D:3      | Reached skill level 7 in Ice Magic
  3623 | D:4      | Found Nyoriocwi's Assorted Antiques.
  3707 | D:4      | Reached XP level 7. HP: 56/56 MP: 6/11
  3871 | D:4      | Found Vegydo's Jewellery Shop.
  3990 | D:4      | Found Voureva's Book Shop.
  4089 | D:4      | Found Utaogg's General Store.
  4091 | D:4      | Noticed Menkaure
  4109 | D:3      | Reached skill level 8 in Ice Magic
  4270 | D:4      | Killed Menkaure
  4651 | D:4      | Reached XP level 8. HP: 51/66 MP: 11/13
  4668 | D:5      | Entered Level 5 of the Dungeon
  4978 | D:5      | Found a broken altar of Ashenzari.
  4984 | D:5      | Reached skill level 9 in Ice Magic
  5170 | D:5      | Noticed Eustachio
  5190 | D:5      | Killed Eustachio
  5473 | D:5      | Reached skill level 1 in Armour
  5928 | D:6      | Found a staircase to the Ecumenical Temple.
  5987 | Temple   | Entered the Ecumenical Temple
  6061 | Temple   | Became a worshipper of Makhleb the Destroyer
  6593 | D:6      | Found a sparkling altar of Nemelex Xobeh.
  6909 | D:7      | Noticed a troll
  6918 | D:6      | Killed a troll
  6919 | D:6      | Reached skill level 5 in Spellcasting
  6919 | D:6      | Reached skill level 10 in Ice Magic
  6919 | D:6      | Reached XP level 9. HP: 72/72 MP: 4/15
  7019 | D:7      | Noticed Maggie
  7040 | D:7      | Killed Maggie
  7069 | D:7      | Learned a level 4 spell: Hailstorm
  7074 | D:7      | Learned a level 4 spell: Summon Ice Beast
  7077 | D:7      | Learned a level 2 spell: Searing Ray
  7184 | D:7      | Found a sand-covered staircase.
  7197 | Ossuary  | Entered an ossuary
  7307 | Ossuary  | Reached * piety under Makhleb
  7704 | D:7      | Reached skill level 11 in Ice Magic
  7741 | D:7      | Reached skill level 1 in Conjurations
  7745 | D:7      | Reached skill level 5 in Fighting
  7751 | D:7      | Reached skill level 1 in Shields
  7998 | D:7      | Reached ** piety under Makhleb
  8037 | D:7      | Reached XP level 10. HP: 59/81 MP: 7/17
  9117 | D:9      | Reached *** piety under Makhleb
  9245 | D:9      | Found a staircase to the Orcish Mines.
  9324 | D:9      | Noticed Psyche
  9335 | D:9      | Killed Psyche
  9336 | D:9      | Reached skill level 12 in Ice Magic
  9996 | D:9      | Noticed an eight-headed hydra
 10007 | D:9      | Killed an eight-headed hydra
 10008 | D:9      | Reached XP level 11. HP: 77/91 MP: 2/20
 10218 | D:10     | Entered Level 10 of the Dungeon
 10450 | D:10     | Reached skill level 1 in Invocations
 10514 | D:10     | Found a staircase to the Lair.
 10546 | D:10     | Reached skill level 13 in Ice Magic
 10610 | D:10     | Reached **** piety under Makhleb
 10920 | D:10     | Noticed a two-headed ogre
 10929 | D:10     | Killed a two-headed ogre
 11310 | D:11     | Noticed a white ugly thing
 11357 | D:10     | Killed a white ugly thing
 11895 | D:11     | You fall into a shaft and drop 3 floors!
 12043 | D:13     | Noticed a centaur warrior
 12051 | D:13     | Killed a centaur warrior
 12063 | D:13     | Found a blossoming altar of Fedhas.
 12081 | D:13     | Noticed an oklob plant
 12131 | D:11     | Killed an unseen horror
 12263 | D:11     | Slain by a slime creature

Illustrated notes

Levels and vault maps discovered:
D:1:      denvon_arrival_planthouse, layout_basic, minivault_25,
          minmay_tromino_v4_b
D:2:      layout_loops_ring, uniq_jessica, uniq_terence
D:3:      layout_rooms, grunt_ministairs_12, minmay_puff, uniq_natasha
D:4:      layout_loops_ring, serial_shops, shop, shop, shop, shop, uniq_menkaure
D:5:      layout_gridville, ashenzari_altar_1, uniq_eustachio
D:6:      layout_layer_cave, nemelex_xobeh_ov_fountains_minmay,
          minmay_temple_entry_trees
D:7:      layout_basic, enter_ossuary_4, uniq_maggie
D:8:      layout_rooms
D:9:      layout_loops_ring, orc_0_dummy, minmay_misc_feat_tiny, uniq_psyche
D:10:     layout_long_grid, erik_lair_orcish_takeover
D:11:     layout_basic, minmay_door_square, hangedman_parallel_progression
D:12:     layout_loops_cross, serial_shops, shop, hangedman_decor_points
D:13:     layout_cave_pools, tgw_fedhas
D:14:     layout_roguey, david_vaults_1, nooodl_orcs_dogs, uniq_azrael
Temple:   regret_index_temple_chain_breaker

Skill      XL: |  1  2  3  4  5  6  7  8  9 10 11 |
---------------+----------------------------------+-----
Ice Magic      | 5 6 7 8 10 11 12 13 | 13.9
Spellcasting   | 2 3 4 5 6 7 |  7.6
Fighting       | 1 2 3 4 5 6 7 |  7.0
Armour         | 2 3 |  3.0
Conjurations   | 1 2 |  2.0
Shields        | 1 3 4 |  4.0
Invocations    | 4 |  4.2
Dodging        | |  1.7
Stealth        | |  2.1

Action                   |  1- 3 |  4- 6 |  7- 9 | 10-12 || total
-------------------------+-------+-------+-------+-------++-------
Melee: Unarmed           |    54 |   109 |    48 |       ||   211
       Flail             |       |       |    20 |       ||    20
       Hand axe          |       |       |   124 |       ||   124
       Battleaxe         |       |       |     9 |       ||     9
       Scimitar          |       |       |    95 |   167 ||   262
       War axe           |       |       |       |    85 ||    85
Throw: Dart              |     1 |     1 |     4 |     1 ||     7
       Throwing net      |       |       |     1 |     1 ||     2
 Cast: Freeze            |    25 |    39 |    54 |    30 ||   148
       Frozen Ramparts   |     1 |    13 |    24 |    34 ||    72
       Ozocubu's Armour  |       |     1 |    10 |     9 ||    20
       Searing Ray       |       |       |     8 |    28 ||    36
       Summon Ice Beast  |       |       |       |     3 ||     3
Evoke: Wand              |       |     4 |    16 |       ||    20
  Use: Scroll            |     4 |     1 |     3 |       ||     8
       Potion            |       |       |     7 |     2 ||     9
 Stab: Sleeping          |     2 |     1 |       |       ||     3
       Invisible         |       |       |     1 |       ||     1
       Distracted        |       |       |     1 |       ||     1
Armor: Robe              |    16 |    26 |       |       ||    42
       Ring mail         |       |     5 |    83 |       ||    88
       Steam dragon scal |       |       |    18 |    91 ||   109
Dodge: Dodged            |    36 |    68 |   186 |   169 ||   459
Block: Other             |     4 |    22 |    68 |       ||    94
       Reflection        |       |       |     3 |     3 ||     6
       Buckler           |       |       |    18 |   176 ||   194
       Rpst.: Scimitar   |       |       |    21 |    30 ||    51
